 Dungeon Crawl Stone Soup version 0.30.1-11-g7821555f0a (webtiles) character file.

Game seed: 12485744191553370128

6026 Arctor the Protected (level 11, -9/89 HPs)
             Began as a Human Fighter on Jan 13, 2024.
             Was a Believer of the Shining One.
             Mangled by an orc warrior
             ... wielding a +0 halberd
              (11 damage)
             ... on level 9 of the Dungeon.
             The game lasted 00:14:35 (10243 turns).

Arctor the Protected (Human Fighter)               Turns: 10243, Time: 00:14:35

Health: -9/89      AC: 11    Str: 17 (20) XL:     11   Next: 11%
Magic:  11/11      EV:  8    Int: 10 (12) God:    the Shining One [**....]
Gold:   666        SH: 11    Dex: 12 (13) Spells: 10/10 levels left

rFire   . . .        c - +1 spear of Qocesk {heavy, rN+ Int+3 Stlth+}
rCold   . . .        y - +1 kite shield
rNeg    + + .        b - +0 scale mail
rPois   +            (helmet restricted)
rElec   .            E - +0 cloak
rCorr   .            (no gloves)
SInv    +            h - +0 pair of boots
Will    .....        (no amulet)
Stlth   +            l - ring of see invisible
HPRegen 0.34/turn    q - ring of poison resistance
MPRegen 0.12/turn

%: random rage (3%)
@: attractive, glowing
A: antennae 1, berserk 1
a: Renounce Religion, Divine Shield


You were on level 9 of the Dungeon.
You worshipped the Shining One.
The Shining One was pleased with you.
You visited 1 branch of the dungeon, and saw 10 of its levels.

You collected 666 gold pieces.

Inventory:

Hand Weapons
 a - a +0 war axe
 c - the +1 spear of Qocesk (weapon) {heavy, rN+ Int+3 Stlth+}
   (You found it on level 7 of the Dungeon)

   Int:       It affects your intelligence (+3).
   rN:        It protects you from negative energy.
   Stlth:     It makes you more stealthy.
 e - a +3 mace of flaming
 r - a +5 scimitar
Missiles
 f - 3 boomerangs (quivered)
 n - 2 throwing nets
Armour
 b - a +0 scale mail (worn)
 h - a +0 pair of boots (worn)
 i - a +0 helmet
 y - a +1 kite shield (worn)
 E - a +0 cloak (worn)
Jewellery
 g - a ring of wizardry
 l - a ring of see invisible (left hand)
 p - a ring of fire
 q - a ring of poison resistance (right hand)
 x - a ring of fire
Wands
 d - a wand of charming (8)
 j - a wand of mindburst (31)
 s - a wand of light (7)
 z - a wand of flame (26)
 A - a wand of iceblast (19)
Scrolls
 k - 6 scrolls of identify
 m - 5 scrolls of magic mapping
 o - 2 scrolls of noise
 t - 2 scrolls of enchant weapon
 u - 5 scrolls of vulnerability
 v - 3 scrolls of amnesia {unknown}
 w - 2 scrolls of fear {unknown}
 B - a scroll of fog {unknown}
 C - a scroll of brand weapon
 F - 2 scrolls of teleportation
Potions
 I - a potion of resistance {unknown}
 J - a potion of flight {unknown}
Miscellaneous
 G - a piece from Xom's chessboard (15/15)


   Skills:
 + Level 9.1 Fighting
 - Level 7.3(7.9) Axes
 + Level 4.7(6.6) Maces & Flails
 + Level 9.2 Armour
 + Level 9.2 Shields


You had 10 spell levels left.
You didn't know any spells.
Your spell library contained the following spells:

 Spells                   Type           Power      Damage    Failure   Level
 Apportation              Tloc           0%         N/A       92%         1
 Magic Dart               Conj           0%         1d3       92%         1
 Necrotise                Necr           0%         1d4       92%         1
 Summon Small Mammal      Summ           0%         N/A       92%         1
 Searing Ray              Conj           0%         2d4       98%         2
 Fulminant Prism          Conj/Hex       0%         3d5       100%        4
 Olgreb's Toxic Radiance  Pois           0%         N/A       100%        4
 Discord                  Hex            0%         N/A       100%        8
 Ignition                 Fire           0%         3d3       100%        8


Dungeon Overview and Level Annotations

Branches:
Dungeon (10/15)            Temple (0/1) D:5
   Lair: D:8-11         Orc: D:9-12

Altars:
Ashenzari
Cheibriados
Elyvilon
Hepliaklqana
Makhleb
Nemelex Xobeh
Sif Muna
Trog
Uskayaw
Wu Jian
Zin
The Shining One


Innate Abilities, Weirdness & Mutations

You have a pair of small antennae on your head.
You sometimes lose your temper in combat.


Message History

You struggle to resist.
You block the orc warrior's attack.
The orc warrior hits you from afar with a +0 halberd!
* * * LOW HITPOINT WARNING * * *
The orc priest hits you with a +0 dagger.
* * * LOW HITPOINT WARNING * * *
You puncture the orc priest!
You kill the orc priest!
The Shining One accepts your kill. You block the orc warrior's attack.
You block the orc warrior's attack.
There is a stone staircase leading down here.
Things that are here:
a +0 dagger; an orc corpse You hit the orc warrior.
The orc warrior is lightly wounded.
You block the orc warrior's attack.
You puncture the orc warrior!
The orc warrior is heavily wounded.
The orc warrior hits you with a +0 halberd!
* * * LOW HITPOINT WARNING * * *
The orc warrior closely misses you.
You hit the orc warrior but do no damage.
The orc warrior is heavily wounded.
The orc warrior hits you with a +0 halberd!
* * * LOW HITPOINT WARNING * * *
Unknown command.
Okay, then.
Okay, then.
Okay, then.
It was a potion of degeneration.
There was something very wrong with that liquid.
You feel weakened.
You feel dopey.
You feel clumsy.
It was a potion of attraction.
You feel attractive to monsters.
The orc warrior hits you but does no damage.
Okay, then.
The orc warrior attacks as you move away!
You block the orc warrior's attack.
The orc warrior hits you from afar with a +0 halberd!
You die...

### #..
#.########
.######.@.......
......oo#######.
.######o###
#...# #.#.#
#)#.# #.# # #.#
...


You could see an orc warrior and 2 orcs.

Vanquished Creatures
  Pikel (D:7)
  Grinder (D:3)
  Sigmund (D:4)
  A shadow (D:10)
  2 wraiths (D:10)
  6 yaks
  2 steam dragons
  A water moccasin (D:8)
  2 acid dragons
  An orc warrior (D:8)
  A sky beast (D:8)
  2 ice beasts
  3 centaurs
  2 lemures (D:7)
  A phantom (D:6)
  2 kobold brigands
  Blork the orc (D:6)
  A necrophage (D:5)
  A gnoll sergeant (D:7)
  6 scorpions
  13 wights
  3 howler monkeys (D:8)
  A hound (D:5)
  4 jellies
  10 orc priests
  Crazy Yiuf (D:5)
  A gnoll bouda (D:8)
  2 sleepcaps (D:8)
  7 iguanas
  6 orc wizards
  A hound skeleton (D:5)
  10 gnolls
  7 adders
  2 shadow imps
  A white imp (D:7)
  An ufetubus (D:4)
  2 worms
  2 dart slugs
  36 orcs
  2 bats (D:1)
  3 endoplasms
  4 giant cockroaches
  10 goblins
  8 hobgoblins
  8 jackals (D:1)
  2 quokkas
  8 ball pythons
  3 frilled lizards (D:1)
  13 kobolds
  4 rats
213 creatures vanquished.

Vanquished Creatures (others)
  A kobold (D:4)
1 creature vanquished.

Grand Total: 214 creatures vanquished

Notes
Turn   | Place    | Note
-------+----------+-------------------------------------------
     0 | D:1      | Arctor the Human Fighter began the quest for the Orb.
     0 | D:1      | Reached XP level 1. HP: 18/18 MP: 1/1
    63 | D:1      | Reached XP level 2. HP: 24/24 MP: 2/2
   182 | D:1      | Reached XP level 3. HP: 29/29 MP: 3/3
   552 | D:1      | Found a faded altar of an unknown god.
  1231 | D:2      | Reached XP level 4. HP: 35/35 MP: 4/4
  1631 | D:3      | Found a bloodstained altar of Trog.
  1719 | D:3      | Noticed Grinder
  1730 | D:3      | Reached XP level 5. HP: 18/47 MP: 5/5
  1737 | D:3      | Killed Grinder
  1738 | D:3      | Reached XP level 6. HP: 25/53 MP: 6/6
  1989 | D:3      | Found a glowing silver altar of Zin.
  1989 | D:3      | Found a glowing golden altar of the Shining One.
  1989 | D:3      | Found a white marble altar of Elyvilon.
  2063 | D:3      | Became a worshipper of the Shining One
  2161 | D:4      | Reached XP level 7. HP: 56/59 MP: 7/7
  2325 | D:4      | Noticed Sigmund
  2339 | D:4      | Killed Sigmund
  3153 | D:5      | Entered Level 5 of the Dungeon
  3234 | D:6      | Reached XP level 8. HP: 32/67 MP: 8/8
  3457 | D:5      | Found an ornate altar of the Wu Jian Council.
  3485 | D:5      | HP: 3/67 [iguana (10)]
  3801 | D:5      | Found a hide-covered altar of Uskayaw.
  3833 | D:5      | Reached * piety under the Shining One
  4104 | D:5      | Found a runed translucent door.
  4105 | D:5      | Noticed Crazy Yiuf
  4176 | D:5      | Found a burning altar of Makhleb.
  4254 | D:5      | Found a staircase to the Ecumenical Temple.
  4482 | D:5      | Killed Crazy Yiuf
  4602 | D:6      | Reached XP level 9. HP: 27/73 MP: 9/9
  4822 | D:6      | Found a sparkling altar of Nemelex Xobeh.
  4951 | D:6      | Noticed Blork the orc
  4959 | D:6      | Killed Blork the orc
  5071 | D:6      | Found a broken altar of Ashenzari.
  5078 | D:6      | Reached skill level 1 in Maces & Flails
  6314 | D:7      | Noticed Pikel
  6333 | D:7      | Killed Pikel
  6556 | D:7      | Reached XP level 10. HP: 50/80 MP: 10/10
  6682 | D:7      | Identified the +1 spear of Qocesk {heavy, rN+ Int+3 Stlth+}
  6941 | D:8      | Found a faded altar of an unknown god.
  6941 | D:8      | Found a hazy altar of Hepliaklqana.
  6980 | D:8      | Found a faded altar of an unknown god.
  6994 | D:8      | Noticed a boulder beetle
  7026 | D:8      | Gained mutation: You have a pair of small antennae on your
                  | head. [potion of mutation]
  7026 | D:8      | Gained mutation: You sometimes lose your temper in combat.
                  | [potion of mutation]
  8148 | D:8      | The Shining One protects you from harm!
  9102 | D:9      | Reached ** piety under the Shining One
  9350 | D:9      | Noticed a two-headed ogre
  9358 | D:9      | HP: 3/77 [two-headed ogre/+0 giant club (16)]
  9387 | D:10     | Entered Level 10 of the Dungeon
  9609 | D:10     | Reached XP level 11. HP: 62/84 MP: 11/11
  9790 | D:10     | Found a snail-covered altar of Cheibriados.
  9800 | D:10     | Found a shimmering blue altar of Sif Muna.
 10240 | D:9      | HP: 1/89 [orc warrior/+0 halberd (10)]
 10243 | D:9      | Mangled by an orc warrior

Illustrated notes

Levels and vault maps discovered:
D:1:      co_arrival_square_in_a_square_in_a_square, layout_basic,
          serial_forest, infiniplex_forest_straight_2,
          infiniplex_forest_lined_room_, infiniplex_forest_straight_2,
          infiniplex_forest_end_2, infiniplex_forest_straight_4,
          infiniplex_forest_lined_2, infiniplex_forest_clump_C,
          hellmonk_ecumenical_altar_leap_of_faith, minmay_hexomino_u4
D:2:      layout_basic, minmay_cut_off
D:3:      layout_rooms, dreamdust_divine_triumvirate, old_standard_altar,
          serial_rivers, chequers_serial_rivers_micro_e,
          chequers_serial_rivers_small_b, chequers_serial_rivers_room_b,
          chequers_serial_rivers_micro_c, kennysheep_generic_room_9,
          uniq_grinder
D:4:      layout_basic, minmay_starry_boxes, uniq_sigmund
D:5:      layout_rooms, makhleb_blood_cavern_becter, mainiacjoe_overflow_paths,
          overflow_temple_1_default, temple_hall, minmay_misc_feat_enclosed,
          uniq_crazy_yiuf_cottage
D:6:      layout_loops_ring, cheibrodos_ashenzari_chains, amcnicky_altar_gilded,
          nicolae_lava_and_water, st_stairs_6, uniq_blork_the_orc
D:7:      minmay_evil_eye, layout_basic, serial_glass, glass_columns_c,
          glass_columns_c, glass_columns_a, glass_columns_a, glass_columns_b,
          glass_columns_b, hellmonk_bongcloud_opening, uniq_pikel
D:8:      layout_loops_ring, nicolae_hepliaklqana_ecumenical_no_more,
          grunt_potential
D:9:      layout_basic, gammafunk_temple_overflow_elements, dpeg_lair_monsters,
          serial_co_window_serial, co_window_paths_b, co_window_cross_1,
          co_window_cross_1, co_window_paths_a, co_window_corner_a,
          co_window_corner_a, co_window_corner_a, co_window_of_opportunity_a,
          co_window_cross_1, co_window_paths_c, co_window_2corner,
          co_window_of_opportunity_b, co_window_corner_b, co_window_corner_ca,
          glass_columns_a, glass_columns_c
D:10:     layout_loops_corners, mainiacjoe_overflow_alcove_2,
          old_standard_altar, mainiacjoe_overflow_big_doors

Skill      XL: |  1  2  3  4  5  6  7  8  9 10 |
---------------+-------------------------------+-----
Fighting       | 6 7 8 9 |  9.1
Axes           | 6 7 |  7.3
Armour         | 6 7 8 9 |  9.2
Shields        | 6 7 8 9 |  9.2
Maces & Flails | 2 4 |  4.7

Action                     |  1- 3 |  4- 6 |  7- 9 | 10-12 || total
---------------------------+-------+-------+-------+-------++-------
  Melee: Mace              |    93 |    68 |   353 |    45 ||   559
         War axe           |     1 |       |       |       ||     1
         Spear             |       |       |       |   247 ||   247
 Invoke: Divine Shield     |       |       |     3 |     2 ||     5
    Use: Potion            |       |     3 |     8 |    11 ||    22
         Scroll            |       |       |    12 |     1 ||    13
 Armour: Scale mail        |    75 |    34 |   251 |   104 ||   464
  Dodge: Dodged            |    34 |    28 |   196 |   102 ||   360
  Block: Buckler           |    25 |    11 |       |       ||    36
         Kite shield       |       |    16 |   322 |   234 ||   572
